 Dungeon Crawl Stone Soup version 0.26.1-11-gd32895ea62 (webtiles) character file.

Game seed: 1699456875116989757

147 phalm the Conjurer (level 5, -1/37 (38) HPs)
             Began as a Demonspawn Conjurer on June 24, 2021.
             Slain by a wight
             ... wielding a +1 scimitar
              (10 damage)
             ... on level 2 of the Dungeon.
             The game lasted 00:03:22 (2664 turns).

phalm the Conjurer (Demonspawn Conjurer)            Turns: 2664, Time: 00:03:22

HP:   -1/37 (38)    AC:  6    Str:  7    XL:     5   Next: 8%
MP:   2/9           EV: 12    Int: 20    God:
Gold: 63            SH:  0    Dex: 12    Spells: 3/10 levels left

rFire    . . .     SeeInvis .   c - +2 whip (flame)
rCold    . . .     Faith    .   (no shield)
rNeg     . . .     Spirit   .   a - +0 robe
rPois    .         Reflect  .   (no helmet)
rElec    .         Harm     .   g - +0 cloak
rCorr    .         Rampage  .   (no gloves)
Will     .....                  (no boots)
Stlth    ++........             (no amulet)
HPRegen  0.12/turn              (no ring)
MPRegen  0.11/turn              (no ring)

@: lightly drained
A: thin metallic scales 2
a: no special abilities


You were on level 2 of the Dungeon.
You visited 1 branch of the dungeon, and saw 2 of its levels.

You collected 63 gold pieces.


Innate Abilities, Weirdness & Mutations

You are mostly covered in thin metallic scales. (AC +3)


   Skills:
 + Level 2.0 Fighting
 - Level 1.7 Dodging
 - Level 1.7 Stealth
 + Level 3.0 Spellcasting
 + Level 5.3 Conjurations
 * Level 0.0 Translocations


You had 3 spell levels left.
You knew the following spells:

 Your Spells              Type           Power        Failure   Level
m - Magic Dart            Conj           96%          1%          1
s - Searing Ray           Conj           48%          2%          2
X - Iskenderun's Mystic   Conj/Tloc      13%          43%         4

Your spell library contained the following spells:

 Spells                   Type           Power        Failure   Level
 Dazzling Flash           Conj/Hex       26%          14%         3
 Fulminant Prism          Conj/Hex       6%           43%         4

Inventory:

Hand Weapons
 c - a +2 whip of flaming (weapon)
   (You found it on level 1 of the Dungeon)
Missiles
 e - 49 stones
 h - 8 poisoned darts (quivered)
 k - 49 sling bullets
Armour
 a - a +0 robe (worn)
 g - a +0 cloak (worn)
   (You found it on level 1 of the Dungeon)
Scrolls
 d - 5 scrolls of teleportation {unknown}
 f - a scroll of enchant armour {unknown}
 i - 3 scrolls of magic mapping {unknown}
 m - a scroll of fog {unknown}
 n - a scroll of identify {unknown}
 p - a scroll of enchant weapon {unknown}
Potions
 b - 2 potions of curing {unknown}
 j - a potion of berserk rage {unknown}
 l - a potion of haste {unknown}
 o - a potion of might {unknown}

Dungeon Overview and Level Annotations

Branches:
Dungeon (2/15)

Altars:
Okawaru
Ru
Sif Muna
Wu Jian

....#.# #.#
.####.#### #.#
....#.##.# #.#
.##.#....# #.# ##
#.##.# #.# #.##.#
#.# #<...# #.#
#################.#
......z@..)..#
##############


You could see a wight.


Message History

😎 MP[-1]
You lost 1 mp, and now have 8/9 mp.
Casting: Magic Dart (safe; 1% risk of failure)
Confirm with . or Enter, or press ? or * to list all spells.
Aiming: Magic Dart (safe; 1% risk of failure)
Press: ? - help, Shift-Dir - straight line, f/p - wight
Aim: a wight, wielding a +1 scimitar and wearing a +0 robe (lightly damaged, 0% to evade)
The magic dart hits the wight but does no damage. 😎 MP[-1]
You lost 1 mp, and now have 7/9 mp.
Casting: Magic Dart (safe; 1% risk of failure)
Confirm with . or Enter, or press ? or * to list all spells.
Aiming: Magic Dart (safe; 1% risk of failure)
Press: ? - help, Shift-Dir - straight line, f/p - wight
Aim: a wight, wielding a +1 scimitar and wearing a +0 robe (lightly damaged, 0% to evade)
The magic dart hits the wight but does no damage. 😎 MP[-1]
You lost 1 mp, and now have 6/9 mp.
Casting: Magic Dart (safe; 1% risk of failure)
Confirm with . or Enter, or press ? or * to list all spells.
Aiming: Magic Dart (safe; 1% risk of failure)
Press: ? - help, Shift-Dir - straight line, f/p - wight
Aim: a wight, wielding a +1 scimitar and wearing a +0 robe (lightly damaged, 0% to evade)
The magic dart hits the wight. 😎 MP[-1]
You lost 1 mp, and now have 5/9 mp.
Casting: Magic Dart (safe; 1% risk of failure)
Confirm with . or Enter, or press ? or * to list all spells.
Aiming: Magic Dart (safe; 1% risk of failure)
Press: ? - help, Shift-Dir - straight line, f/p - wight
Aim: a wight, wielding a +1 scimitar and wearing a +0 robe (moderately damaged, 0% to evade)
The magic dart hits the wight but does no damage. 😎 MP[-1]
You lost 1 mp, and now have 4/9 mp.
Casting: Magic Dart (safe; 1% risk of failure)
Confirm with . or Enter, or press ? or * to list all spells.
Aiming: Magic Dart (safe; 1% risk of failure)
Press: ? - help, Shift-Dir - straight line, f/p - wight
Aim: a wight, wielding a +1 scimitar and wearing a +0 robe (moderately damaged, 0% to evade)
The magic dart hits the wight but does no damage.
The wight misses you. 😎 MP[-1]
You lost 1 mp, and now have 3/9 mp.
Casting: Magic Dart (safe; 1% risk of failure)
Confirm with . or Enter, or press ? or * to list all spells.
Aiming: Magic Dart (safe; 1% risk of failure)
Press: ? - help, Shift-Dir - straight line, f/p - wight
Aim: a wight, wielding a +1 scimitar and wearing a +0 robe (moderately damaged, 0% to evade)
The magic dart hits the wight but does no damage. 😎 MP[-1]
You lost 1 mp, and now have 2/9 mp.
Casting: Magic Dart (safe; 1% risk of failure)
Confirm with . or Enter, or press ? or * to list all spells.
Aiming: Magic Dart (safe; 1% risk of failure)
Press: ? - help, Shift-Dir - straight line, f/p - wight
Aim: a wight, wielding a +1 scimitar and wearing a +0 robe (moderately damaged, 0% to evade)
The magic dart hits the wight but does no damage.
The wight closely misses you. 😎 MP[-1]
You lost 1 mp, and now have 1/9 mp.
Casting: Magic Dart (safe; 1% risk of failure)
Confirm with . or Enter, or press ? or * to list all spells.
Aiming: Magic Dart (safe; 1% risk of failure)
Press: ? - help, Shift-Dir - straight line, f/p - wight
Aim: a wight, wielding a +1 scimitar and wearing a +0 robe (moderately damaged, 0% to evade)
The magic dart hits the wight.
The wight hits you but does no damage. 😎 MP[-1]
You lost 1 mp, and now have 0/9 mp.
Unknown command.
You hit the wight. You burn the wight.
The wight hits you with a +1 scimitar. 😕 HP[-3] MP[+1]
You take 3 damage, and now have 35/38 hp.
You completely miss the wight.
The wight hits you with a +1 scimitar. 😕 HP[-1]
You take 1 damage, and now have 34/38 hp.
You closely miss the wight. The wight closely misses you.
You closely miss the wight. The wight hits you with a +1 scimitar!
You feel drained. 😮 HP[-13]
You now have 37 max hp (-1).
You take 13 damage, and now have 21/37 hp.
MASSIVE DAMAGE!! (PAUSE)
You hit the wight but do no damage. The wight closely misses you.
You barely miss the wight. The wight barely misses you.
You barely miss the wight. The wight closely misses you.
You closely miss the wight. You closely miss the wight.
The wight barely misses you. 😮 MP[+1]
You hit the wight but do no damage. The wight barely misses you.
You barely miss the wight.
The wight hits you with a +1 scimitar. 😮 HP[-1]
You take 1 damage, and now have 20/37 hp.
You hit the wight but do no damage. The wight hits you with a +1 scimitar!
* * * LOW HITPOINT WARNING * * *
😱 HP[-11]
You take 11 damage, and now have 9/37 hp.
MASSIVE DAMAGE!! (PAUSE)
You hit the wight but do no damage. The wight closely misses you.
You hit the wight but do no damage. The wight hits you with a +1 scimitar!
You die...

Skill      XL: |  1  2  3  4 |
---------------+-------------+-----
Fighting       | 1 2 |  2.0
Conjurations   | 5 |  5.3
Spellcasting   | 3 |  3.0
Dodging        | |  1.7
Stealth        | |  1.7

Action                   |  1- 3 |  4- 6 || total
-------------------------+-------+-------++-------
Melee: Unarmed           |     6 |       ||     6
       Whip              |    28 |    25 ||    53
Throw: Dart              |    11 |       ||    11
 Cast: Magic Dart        |    84 |    19 ||   103
       Searing Ray       |     1 |       ||     1
Armor: Robe              |    14 |     2 ||    16
Dodge: Dodged            |    25 |    13 ||    38

Levels and vault maps discovered:
D:1:      minmay_arrival_up_and_down, layout_loops_ring
D:2:      lemuel_upstairs_altar, layout_basic, lemuel_doored_altar,
          old_standard_altar, gammafunk_temple_overflow_elements,
          nicolae_underground_beach

Notes
Turn   | Place    | Note
-------+----------+-------------------------------------------
     0 | D:1      | phalm the Demonspawn Conjurer began the quest for the Orb.
     0 | D:1      | Reached XP level 1. HP: 13/13 MP: 3/3
     0 | D:1      | magus.rc [v1.9.10]
   419 | D:1      | Gained mutation: You are partially covered in thin metallic
                  | scales. (AC +2) [demonic ancestry]
   419 | D:1      | Reached XP level 2. HP: 15/20 MP: 1/5
  1041 | D:1      | Reached skill level 1 in Fighting
  1155 | D:1      | Learned a level 2 spell: Searing Ray
  1253 | D:1      | Reached XP level 3. HP: 26/26 MP: 2/6
  1532 | D:2      | Found a sacrificial altar of Ru.
  1532 | D:2      | Found an iron altar of Okawaru.
  1717 | D:2      | Found an ornate altar of the Wu Jian Council.
  2047 | D:2      | Found a shimmering blue altar of Sif Muna.
  2346 | D:2      | Reached XP level 4. HP: 32/32 MP: 2/7
  2497 | D:2      | Reached skill level 5 in Conjurations
  2508 | D:2      | Reached skill level 2 in Fighting
  2508 | D:2      | Reached skill level 3 in Spellcasting
  2508 | D:2      | Gained mutation: You are mostly covered in thin metallic
                  | scales. (AC +3) [demonic ancestry]
  2508 | D:2      | Reached XP level 5. HP: 22/38 MP: 2/9
  2514 | D:2      | Learned a level 4 spell: Iskenderun's Mystic Blast
  2662 | D:2      | HP: 9/37 [wight/+1 scimitar (12)]
  2664 | D:2      | Slain by a wight

Vanquished Creatures
  2 wights (D:2)
  An adder (D:2)
  An ooze (D:2)
  A worm (D:2)
  A dart slug (D:1)
  2 leopard geckos
  A giant cockroach (D:1)
  4 hobgoblins
  2 jackals (D:1)
  6 kobolds
  A quokka (D:2)
  8 bats
  3 frilled lizards (D:2)
  7 goblins
  13 rats
53 creatures vanquished.

Table legend:
 A = Non-vault XP
 B = Vault XP
 C = Vault XP percentage of total XP
 D = Non-vault monster count
 E = Vault monster count
 F = Vault count percentage of total count
                 A         B        C        D         E       F
            +---------+---------+-------+---------+---------+-------
      Total |     211 |       0 |   0.0 |      53 |       0 |   0.0
            +---------+---------+-------+---------+---------+-------
        D:1 |      41 |       0 |   0.0 |      25 |       0 |   0.0
        D:2 |     170 |       0 |   0.0 |      28 |       0 |   0.0
            +---------+---------+-------+---------+---------+-------

Illustrated notes

Table legend:
 A = Kills in this place as a percentage of kills in entire the game.
 B = Kills by you in this place as a percentage of kills by you in the entire game.
 C = Kills by friends in this place as a percentage of kills by friends in the entire game.
 D = Other kills in this place as a percentage of other kills in the entire game.
 E = Experience gained in this place as a percentage of experience gained in the entire game.
 F = Experience gained in this place divided by the number of levels of this place that you have seen.
                   A       B       C       D       E      F
               +-------+-------+-------+-------+-------+----------------------
         Total | 100.0 | 100.0 |   N/A |   N/A | 100.0 | 105.5
       Dungeon | 100.0 | 100.0 |   N/A |   N/A | 100.0 | 105.5
               +-------+-------+-------+-------+-------+----------------------

Table legend: (Time is in decaauts)
 A = Elapsed time spent in this place.
 B = Non-inter-level travel time spent in this place.
 C = Inter-level travel time spent in this place.
 D = Time resting spent in this place.
 E = Time spent auto-exploring this place.
 F = Levels seen in this place.
 G = Mean time per level.
                   A        B        C        D        E       F      G
               +--------+--------+--------+--------+--------+-----+--------+
         Total |   2668 |   2648 |     20 |      0 |   2369 |   2 | 1334.0 |
       Dungeon |   2668 |   2648 |     20 |      0 |   2369 |   2 | 1334.0 |
               +--------+--------+--------+--------+--------+-----+--------+

Top non-repeatable levels by time:
     D:1: 1466 daAuts
     D:2: 1202 daAuts
